 Dungeon Crawl Stone Soup version 0.27-a0-1529-g1e82c303ef (webtiles) character file.

Game seed: 9253774520113252004

30738 Sweetruy1997 the Severer (level 13, -6/102 HPs)
             Began as a Minotaur Berserker on July 9, 2021.
             Was the Champion of Trog.
             Mangled by Rupert (23 damage)
             ... on level 4 of the Lair of Beasts on July 11, 2021.
             The game lasted 00:48:58 (16743 turns).

Sweetruy1997 the Severer (Minotaur Berserker)      Turns: 16743, Time: 00:49:00

Health: -6/102     AC: 17    Str: 24    XL:     13   Next: 22%
Magic:  10/10      EV: 10    Int:  4    God:    Trog [******]
Gold:   702        SH:  0    Dex: 13    Spells: 12/12 levels left

rFire    + . .     SeeInvis .   C - +11 broad axe of the Hidden Vale {vorpal, +Rage Will+++ Stlth-}
rCold    . . .     Faith    .   (no shield)
rNeg     + + .     Spirit   .   g - +6 chain mail {rF+}
rPois    .         Reflect  .   (helmet restricted)
rElec    +         Harm     .   (no cloak)
rCorr    +         Rampage  .   (no gloves)
Will     +++++     Clarity  +   (no boots)
Stlth    ..........             r - amulet of the Four Winds {rN+ Will+++ Clar}
HPRegen  0.27/turn              l - ring of resist corrosion
MPRegen  0.12/turn              w - ring of positive energy

@: no status effects
A: horns 2, retaliatory headbutt, low mp 1, electricity resistance
a: Renounce Religion, Evoke Berserk Rage, Berserk, Trog's Hand, Brothers in Arms


You were on level 4 of the Lair of Beasts.
You worshipped Trog.
Trog was exalted by your worship.
You visited 3 branches of the dungeon, and saw 14 of its levels.
You also visited: Sewer.

You collected 1136 gold pieces.
You spent 434 gold pieces at shops.

Inventory:

Hand Weapons
 m - a +2 whip of flaming
 q - a +3 whip of freezing
 C - the +11 broad axe of the Hidden Vale (weapon) {vorpal, +Rage Will+++ Stlth-}
   (Trog gifted it to you on level 7 of the Dungeon)

   It inflicts extra damage upon your enemies.
   +Rage:     It lets you go berserk.
   Will:      It greatly increases your willpower.
   Stlth:     It makes you less stealthy.
Missiles
 d - 4 boomerangs (quivered)
 p - 5 throwing nets
Armour
 g - a +6 chain mail of fire resistance (worn)
Jewellery
 l - a ring of resist corrosion (left hand)
 r - the amulet of the Four Winds (around neck) {rN+ Will+++ Clar}
   (You found it on level 3 of the Lair of Beasts)

   [amulet of nothing]

   rN:        It protects you from negative energy.
   Clar:      It protects you against confusion.
   Will:      It greatly increases your willpower.
 w - a ring of positive energy (right hand)
 y - a ring of protection from fire
 z - a ring of protection from cold
Wands
 b - a wand of paralysis (10)
 o - a wand of iceblast (13)
 s - a wand of digging (2)
 v - a wand of polymorph (26)
 B - a wand of flame (43)
 E - a wand of acid (9)
Scrolls
 e - 2 scrolls of summoning
 h - a scroll of noise {unknown}
 k - 8 scrolls of teleportation
 n - a scroll of fear
 u - 3 scrolls of blinking
 x - a scroll of acquirement {unknown}
 D - a scroll of fog
Potions
 a - 2 potions of haste
 c - 12 potions of curing
 f - 8 potions of flight
 i - a potion of berserk rage {unknown}
 j - a potion of cancellation {unknown}
 t - 3 potions of invisibility
 A - a potion of resistance {unknown}


   Skills:
 - Level 6.0 Fighting
 + Level 15.7(16.6) Axes
 + Level 10.0(13.9) Maces & Flails
 - Level 12.0 Throwing
 + Level 10.9 Armour
 - Level 4.0 Dodging
 + Level 2.2 Stealth
 - Level 2.0 Evocations


You had 12 spell levels left.
You didn't know any spells.
Your spell library was empty.

Dungeon Overview and Level Annotations

Branches:
Dungeon (9/15)             Temple (1/1) D:4            Lair (4/6) D:9
 Shoals (0/4) Lair:2       Spider (0/4) Lair:4        Sewer (visited)
    Orc: D:9-12

Altars:
Ashenzari
Cheibriados
Dithmenos
Elyvilon
Fedhas
Gozag
Hepliaklqana
Kikubaaqudgha
Makhleb
Nemelex Xobeh
Okawaru
Qazlal
Ru
Sif Muna
Trog
Uskayaw
Vehumet
Wu Jian
Xom
Yredelemnul
Zin
The Shining One

Shops:
D:2 *   D:3 *   D:7 *

Annotations:
Lair:4 Rupert


Innate Abilities, Weirdness & Mutations

You have a pair of horns on your head.
You reflexively headbutt those who attack you in melee.
Your magical capacity is low. (-10% MP)
You are resistant to electric shocks. (rElec)


Message History

You throw a boomerang. The boomerang hits Rupert!
Rupert is lightly wounded.
You throw a boomerang. The boomerang hits Rupert!!
Rupert is moderately wounded.
You throw a boomerang. The boomerang closely misses Rupert.
You throw a boomerang. The boomerang closely misses Rupert.
You throw a boomerang. The boomerang hits Rupert.
Rupert is moderately wounded.
You throw a boomerang. The boomerang hits Rupert.
Rupert is moderately wounded.
You throw a boomerang. The boomerang closely misses Rupert.
You throw a boomerang. The boomerang hits Rupert!
Rupert is heavily wounded.
Rupert roars madly and goes into a rage!
Rupert goes berserk!
You hit Rupert.
Rupert is heavily wounded.
You hit the bush. You slash the bush! Rupert barely misses you.
You barely miss Rupert.
Rupert is heavily wounded.
You hit the bush. You hit the bush but do no damage. Rupert closely misses you.
You barely miss Rupert. You headbutt Rupert, but do no damage.
Rupert is heavily wounded.
You hit the bush but do no damage. You slash the bush!
Rupert hits you with a +6 vorpal battleaxe!!
You slice Rupert!!
Rupert is severely wounded.
You slash the bush! You hit the bush.
Rupert hits you with a +6 vorpal battleaxe!!
You hit Rupert.
Rupert is severely wounded.
You slash the bush! You hit the bush but do no damage.
Rupert completely misses you.
You hit Rupert. Your headbutt misses Rupert.
Rupert is severely wounded.
You hit the bush but do no damage. x2
Rupert hits you with a +6 vorpal battleaxe!!!
* * * LOW HITPOINT WARNING * * *
x2 Rupert hits you with a +6 vorpal battleaxe!!
You die...

##..........
####....... ###.....
####...... ###
##.#.......
#####.####...#......
#...................
##.P.P..>...........
#..@................
#.P.P@P?P............
#...........(........
#.P.P.P.P............
#....................
P.#.................
.<............ ......
....)..


You could see Rupert (berserk).

Vanquished Creatures
  Snorg (Lair:3)
  5 hydras
  A centaur warrior (D:8)
  Harold (Lair:1)
  A two-headed ogre (D:8)
  Pikel (D:7)
  An orb spider (Lair:4)
  A cyclops (D:8)
  An ugly thing (D:8)
  A manticore (D:8)
  9 elephants
  7 cane toads
  A black mamba (Lair:3)
  A torpor snail (Lair:4)
  Maggie (Lair:2)
  6 komodo dragons
  A troll (D:9)
  Prince Ribbit (D:9)
  10 blink frogs
  2 hornets (D:8)
  2 wyverns (D:9)
  A shadow (D:9)
  25 yaks
  A wraith (D:8)
  2 basilisks
  A steam dragon (Lair:3)
  An acid dragon (D:8)
  14 water moccasins
  5 black bears
  6 orc warriors
  12 wolves
  10 centaurs
  A lemure (D:7)
  A phantom (D:5)
  14 bullfrogs
  A gnoll sergeant (D:8)
  A scorpion (D:5)
  A wyvern skeleton (D:6)
  A water moccasin skeleton (D:6)
  10 killer bees
  12 wights
  An electric eel (Lair:3)
  2 howler monkeys
  A bullfrog zombie (D:5)
  2 centaur zombies
  7 orc priests
  A jelly (D:5)
  3 centaur skeletons
  3 hounds
  Jessica (D:3)
  3 iguanas
  14 orc wizards
  Ijyb (D:3)
  A merfolk siren (Sewer)
  A merfolk avatar (Sewer)
  2 killer bee zombies
  2 howler monkey zombies
  Robin (D:3)
  10 gnolls
  10 adders
  A river rat (Sewer)
  2 shadow imps (D:6)
  2 ufetubi
  2 worms (D:2)
  A dart slug (D:1)
  32 orcs
  13 ball pythons
  2 endoplasms (D:1)
  8 giant cockroaches
  23 goblins
  10 hobgoblins
  26 jackals
  13 kobolds
  8 quokkas
  A bat (D:3)
  5 frilled lizards
  29 rats
419 creatures vanquished.

Vanquished Creatures (others)
  2 wights (D:8)
  An orc (D:8)
  41 fungi
  107 plants
151 creatures vanquished.

Grand Total: 570 creatures vanquished

Notes
Turn   | Place    | Note
-------+----------+-------------------------------------------
     0 | D:1      | Sweetruy1997 the Minotaur Berserker began the quest for the
                  | Orb.
     0 | D:1      | Reached XP level 1. HP: 19/19 MP: 0/0
   259 | D:1      | Reached skill level 4 in Axes
   325 | D:1      | Reached XP level 2. HP: 21/27 MP: 1/1
   615 | D:1      | Found a faded altar of an unknown god.
   714 | D:1      | Reached ** piety under Trog
   718 | D:1      | Reached XP level 3. HP: 24/31 MP: 2/2
  1033 | D:1      | Upgraded the game from 0.27-a0-1513-g2aaa0cc67b to
                  | 0.27-a0-1529-g1e82c303ef
  1485 | D:2      | Reached XP level 4. HP: 41/41 MP: 3/3
  1584 | D:2      | Reached *** piety under Trog
  1618 | D:2      | Found Yhocvysi's Assorted Antiques.
  1635 | D:2      | Reached skill level 5 in Axes
  1649 | D:2      | Bought 2 white potions for 30 gold pieces
  1649 | D:2      | Bought a fuming inky potion for 15 gold pieces
  1649 | D:2      | Bought a lumpy amethyst potion for 15 gold pieces
  1649 | D:2      | Bought a green potion for 15 gold pieces
  1649 | D:2      | Bought a scroll labelled DAWOS AS YKAMI for 17 gold pieces
  1917 | D:2      | Reached XP level 5. HP: 47/47 MP: 4/4
  1940 | D:2      | Reached skill level 5 in Fighting
  1940 | D:2      | Reached skill level 1 in Maces & Flails
  2214 | D:3      | Noticed Ijyb
  2215 | D:3      | Paralysed by Ijyb for 5 turns
  2222 | D:3      | Killed Ijyb
  2281 | D:3      | Found Wiur's General Store.
  3137 | D:3      | Noticed Jessica
  3142 | D:3      | Killed Jessica
  3143 | D:3      | Reached XP level 6. HP: 43/56 MP: 5/5
  3247 | D:3      | Reached **** piety under Trog
  3281 | D:3      | Noticed Robin
  3300 | D:3      | Killed Robin
  3703 | D:4      | Found a glowing drain.
  3713 | Sewer    | Entered a sewer
  4047 | Sewer    | Reached ***** piety under Trog
  4318 | D:4      | Reached skill level 5 in Maces & Flails
  4382 | D:2      | Bought a scroll labelled FOZUOS KIUGUG for 17 gold pieces
  4382 | D:2      | Bought a scroll labelled UFIEDU GASOISA for 17 gold pieces
  4645 | D:4      | Found a staircase to the Ecumenical Temple.
  4666 | Temple   | Entered the Ecumenical Temple
  5254 | D:5      | Entered Level 5 of the Dungeon
  5264 | D:5      | Reached XP level 7. HP: 60/61 MP: 6/6
  5474 | D:5      | Reached skill level 1 in Throwing
  5474 | D:5      | Reached skill level 1 in Stealth
  5609 | D:5      | Paralysed by an orc for 7 turns
  6124 | D:6      | Reached XP level 8. HP: 64/68 MP: 7/7
  6591 | D:6      | Reached skill level 1 in Evocations
  6611 | D:6      | Reached skill level 5 in Throwing
  7269 | D:7      | Identified the +11 broad axe of the Hidden Vale {vorpal,
                  | +Rage Will+++ Stlth-} (Trog gifted it to you on level 7 of
                  | the Dungeon)
  7269 | D:7      | Received a gift from Trog
  7270 | D:7      | Reached XP level 9. HP: 74/74 MP: 8/8
  7669 | D:7      | Noticed Pikel
  7678 | D:7      | Killed Pikel
  7970 | D:7      | Found Gumejiac's General Store.
  7973 | D:7      | Bought a potion of curing for 33 gold pieces
  7973 | D:7      | Bought a potion of mutation for 88 gold pieces
  7973 | D:7      | Bought a scroll of identify for 22 gold pieces
  7973 | D:7      | Bought a scroll of identify for 22 gold pieces
  7973 | D:7      | Bought a scroll of teleportation for 33 gold pieces
  7973 | D:7      | Bought a wand of polymorph (8) for 110 gold pieces
  7975 | D:7      | Gained mutation: Your magical capacity is low. (-10% MP)
                  | [potion of mutation]
  7975 | D:7      | Gained mutation: You are resistant to electric shocks.
                  | (rElec) [potion of mutation]
  8624 | D:8      | Reached skill level 6 in Axes
  8851 | D:8      | Noticed a two-headed ogre
  8856 | D:8      | Killed a two-headed ogre
  8857 | D:8      | Reached skill level 7 in Axes
  8857 | D:8      | Reached XP level 10. HP: 81/81 MP: 8/8
  8935 | D:8      | Noticed a five-headed hydra
  8941 | D:8      | Killed a five-headed hydra
  8942 | D:8      | Reached skill level 10 in Throwing
  9074 | D:8      | Noticed a manticore
  9077 | D:8      | Killed a manticore
  9078 | D:8      | Reached skill level 8 in Axes
  9088 | D:8      | Noticed a white ugly thing
  9098 | D:8      | Killed a white ugly thing
  9198 | D:8      | Noticed a centaur warrior
  9209 | D:8      | Killed a centaur warrior
  9210 | D:8      | Reached skill level 9 in Axes
  9334 | D:8      | Noticed a cyclops
  9340 | D:8      | Killed a cyclops
  9997 | D:8      | Reached XP level 11. HP: 83/86 MP: 8/8
 10018 | D:8      | Found a faded altar of an unknown god.
 10018 | D:8      | Found a faded altar of an unknown god.
 10042 | D:8      | Found a faded altar of an unknown god.
 10044 | D:8      | Found a hazy altar of Hepliaklqana.
 10296 | D:9      | Reached skill level 10 in Axes
 10304 | D:9      | Found a staircase to the Lair.
 10345 | D:9      | Received a gift from Trog
 11138 | D:9      | Reached skill level 5 in Armour
 11313 | D:9      | Noticed Prince Ribbit
 11321 | D:9      | Killed Prince Ribbit
 11624 | Lair:1   | Entered Level 1 of the Lair of Beasts
 11681 | Lair:1   | Noticed Harold
 11694 | Lair:1   | Killed Harold
 11695 | Lair:1   | Reached skill level 11 in Axes
 11924 | Lair:1   | Noticed a four-headed hydra
 11947 | Lair:1   | Killed a five-headed hydra
 12380 | Lair:1   | Noticed a four-headed hydra
 12390 | Lair:1   | Killed a four-headed hydra
 12391 | Lair:1   | Reached skill level 12 in Axes
 13135 | Lair:2   | Reached XP level 12. HP: 96/96 MP: 9/9
 13281 | Lair:2   | Noticed Maggie
 13293 | Lair:2   | Killed Maggie
 13335 | Lair:2   | Reached skill level 13 in Axes
 13773 | Lair:2   | Reached skill level 10 in Maces & Flails
 13854 | Lair:2   | Found a staircase to the Shoals.
 14098 | Lair:2   | Reached ****** piety under Trog
 14358 | Lair:2   | Reached skill level 14 in Axes
 14538 | Lair:3   | Noticed a six-headed hydra
 14993 | Lair:3   | Found the amulet of the Four Winds {rN+ Will+++ Clar}
 15226 | Lair:3   | Killed a six-headed hydra
 15227 | Lair:3   | Reached skill level 15 in Axes
 15330 | Lair:3   | Reached skill level 10 in Armour
 15597 | Lair:3   | Noticed Snorg
 15608 | Lair:3   | Killed Snorg
 15609 | Lair:3   | Reached XP level 13. HP: 54/102 MP: 10/10
 16441 | Lair:4   | Found a hole to the Spider Nest.
 16729 | Lair:4   | Noticed Rupert
 16743 | Lair:4   | Mangled by Rupert

Illustrated notes

Levels and vault maps discovered:
D:1:      mushboom_english_gardens, layout_loops_corners,
          hellmonk_ecumenical_altar_prayer_group
D:2:      layout_basic, serial_shops, shop, minivault_25
D:3:      kennysheep_goblin_castle, layout_loops_corners, serial_shops, shop,
          uniq_jessica, uniq_ijyb
D:4:      layout_basic, minmay_temple_entry_tees, portal_sewer_entry_d,
          grunt_decor_one_mirror, minivault_24
D:5:      kennysheep_big_flooded_room, layout_loops_cross
D:6:      layout_loops_ring, skrybe_limestone_x, hangedman_decor_push
D:7:      layout_basic, serial_shops, shop, uniq_pikel
D:8:      nzn_winding_woodlands_three_and_one
          [nzn_winding_woodlands_5x15_lazy_stream,
          nzn_winding_woodlands_5x15_pockets,
          nzn_winding_woodlands_5x15_crooked,
          nzn_winding_woodlands_center_pierced_h], layout_basic,
          nicolae_hepliaklqana_ecumenical_no_more, lemuel_old_faithful
D:9:      layout_roguey, david_lair_generic, minivault_10, item_on_display_a,
          uniq_prince_ribbit1
Temple:   dpeg_three_leaves_temple
Lair:1:   layout_cave_pods, chequers_serial_rivers_room_a, uniq_harold
Lair:2:   layout_regular_city, minmay_shoals_entry_centaurs, uniq_maggie
Lair:3:   layout_roguey, pond, serial_bayou_shore_a, grunt_megastairs_5,
          lemuel_fruit_tree, uniq_snorg
Lair:4:   layout_cave_pods, nicolae_spider_entry_orb_guardian, serial_forest,
          infiniplex_forest_end_2, infiniplex_forest_lined_corner,
          infiniplex_forest_clump_long, infiniplex_forest_lined_3_way,
          infiniplex_forest_clump_tiny, infiniplex_forest_fountain,
          infiniplex_forest_clump_medium, uniq_rupert

Skill      XL: |  1  2  3  4  5  6  7  8  9 10 11 12 |
---------------+-------------------------------------+-----
Axes           | 4 5 7 9 12 15 | 15.7
Fighting       | 4 5 6 |  6.0
Armour         | 3 4 7 10 | 10.9
Maces & Flails | 3 5 7 9 10 | 10.0
Throwing       | 2 6 9 11 12 | 12.0
Dodging        | 3 4 |  4.0
Stealth        | 1 2 |  2.2
Evocations     | 1 2 |  2.0

Action                   |  1- 3 |  4- 6 |  7- 9 | 10-12 | 13-15 || total
-------------------------+-------+-------+-------+-------+-------++-------
Melee: Hand axe          |    83 |    41 |       |       |       ||   124
       Headbutt          |     9 |    34 |    26 |    58 |     5 ||   132
       Flail             |       |   133 |       |       |       ||   133
       Whip              |       |    90 |   112 |    20 |       ||   222
       Broad axe         |       |       |    30 |   270 |    30 ||   330
Throw: Boomerang         |       |    16 |   136 |   268 |    73 ||   493
Invok: Berserk           |       |     1 |       |       |       ||     1
Evoke: Wand              |       |       |     9 |    12 |       ||    21
  Use: Scroll            |       |    11 |     8 |     2 |       ||    21
       Potion            |       |       |     1 |     4 |       ||     5
 Stab: Paralysed         |       |       |     6 |     4 |       ||    10
Armor: Animal skin       |    16 |       |       |       |       ||    16
       Chain mail        |    21 |   189 |    70 |   157 |     7 ||   444
Dodge: Dodged            |    61 |   115 |    46 |   125 |    10 ||   357

Table legend: (Time is in decaauts)
 A = Elapsed time spent in this place.
 B = Non-inter-level travel time spent in this place.
 C = Inter-level travel time spent in this place.
 D = Time resting spent in this place.
 E = Time spent auto-exploring this place.
 F = Levels seen in this place.
 G = Mean time per level.
                   A        B        C        D        E       F      G
               +--------+--------+--------+--------+--------+-----+--------+
         Total |  16704 |  16189 |    515 |   3763 |  10074 |  15 | 1113.6 |
       Dungeon |  10999 |  10603 |    396 |   2299 |   6749 |   9 | 1222.1 |
        Temple |     82 |     68 |     14 |      0 |     64 |   1 |   82.0 |
          Lair |   5004 |   4899 |    105 |   1284 |   3057 |   4 | 1251.0 |
         Sewer |    618 |    618 |      0 |    180 |    204 |   1 |  618.0 |
               +--------+--------+--------+--------+--------+-----+--------+

Top non-repeatable levels by time:
     D:8: 1796 daAuts
  Lair:2: 1669 daAuts
     D:3: 1528 daAuts
     D:9: 1485 daAuts
     D:1: 1466 daAuts
  Lair:1: 1461 daAuts
  Lair:3: 1374 daAuts
     D:7: 1150 daAuts
     D:6: 1075 daAuts
     D:5: 848 daAuts
     D:4: 825 daAuts
     D:2: 823 daAuts
   Sewer: 618 daAuts
  Lair:4: 498 daAuts
  Temple: 82 daAuts
